 Dungeon Crawl Stone Soup version 0.30.0-29-ga12c61a403 (webtiles) character file.

Game seed: 10624663808287834815

11279 safid the Frost Mage (level 11, -8/95 HPs)
             Began as a Merfolk Ice Elementalist on June 5, 2023.
             Was a Priest of Vehumet.
             Mangled by Gastronok (22 damage)
             ... on level 1 of the Lair of Beasts.
             The game lasted 00:24:40 (12359 turns).

safid the Frost Mage (Merfolk Ice Elementalist)    Turns: 12359, Time: 00:24:41

Health: -8/95      AC: 16    Str:  9    XL:     11   Next: 75%
Magic:  13/23      EV: 19    Int: 18    God:    Vehumet [***...]
Gold:   578        SH:  0    Dex: 18    Spells: 19/26 levels left

rFire   . . .        j - +3 dagger of Dim Light {elec, rElec rCorr Dex+3 Stlth-}
rCold   . . .        (no shield)
rNeg    . . .        a - +0 robe
rPois   .            G - +0 helmet
rElec   +            c - +2 cloak
rCorr   +            g - +0 pair of gloves
SInv    .            (no boots)
Will    .....        (no amulet)
Stlth   +            D - +5 ring of evasion
HPRegen 0.35/turn    (no ring)
MPRegen 0.18/turn

%: no passive effects
@: ice-armoured, studying Stealth
A: (nimble swimmer 2), mertail
a: Renounce Religion


You were on level 1 of the Lair of Beasts.
You worshipped Vehumet.
Vehumet was most pleased with you.
You visited 3 branches of the dungeon, and saw 12 of its levels.

You collected 633 gold pieces.
You spent 55 gold pieces at shops.

Inventory:

Hand Weapons
 j - the +3 dagger of Dim Light (weapon) {elec, rElec rCorr Dex+3 Stlth-}
   (You found it on level 2 of the Dungeon)

   Dex:       It affects your dexterity (+3).
   rElec:     It insulates you from electricity.
   rCorr:     It protects you from acid and corrosion.
   Stlth:     It makes you less stealthy.
Missiles
 C - 2 throwing nets
Armour
 a - a +0 robe (worn)
 c - a +2 cloak (worn)
 g - a +0 pair of gloves (worn)
 G - a +0 helmet (worn)
Jewellery
 D - a +5 ring of evasion (left hand)
Wands
 b - a wand of digging (6)
 f - a wand of iceblast (9)
 p - a wand of mindburst (22)
 A - a wand of flame (50)
 H - a wand of polymorph (4)
Scrolls
 d - 6 scrolls of teleportation
 h - 2 scrolls of fog
 i - 4 scrolls of magic mapping
 k - 2 scrolls of enchant armour
 n - a scroll of acquirement {unknown}
 x - 2 scrolls of blinking
 y - 2 scrolls of fear {unknown}
 B - a scroll of amnesia {unknown}
 E - 3 scrolls of enchant weapon
 F - a scroll of poison {unknown}
Potions
 e - 2 potions of ambrosia {unknown}
 l - 2 potions of heal wounds {unknown}
 m - a potion of might {unknown}
 o - 3 potions of brilliance {unknown}
 q - 3 potions of attraction {unknown}
 r - 2 potions of mutation {unknown}
 s - a potion of lignification {unknown}
 t - 2 potions of haste {unknown}
 u - 2 potions of curing
 w - 2 potions of degeneration {unknown}
 z - a potion of cancellation {unknown}


   Skills:
 + Level 12.3 Fighting
 - Level 4.0 Dodging
 - Level 3.0 Stealth
 - Level 8.0 Spellcasting
 + Level 13.2 Ice Magic


You had 19 spell levels left.
You knew the following spells:

 Your Spells              Type           Power      Damage    Failure   Level
a - Freeze                Ice            100%       1d10      1%          1
b - Frozen Ramparts       Ice            100%       1d16      1%          3
c - Ozocubu's Armour      Ice            53%        N/A       1%          3

Your spell library contained the following spells:

 Spells                   Type           Power      Damage    Failure   Level
 Inner Flame              Hex/Fire       7%         N/A       8%          3
 Summon Ice Beast         Ice/Summ       31%        N/A       6%          4
 Cigotuvi's Dreadful Rot  Necr/Pois/Air  14%        N/A       14%         2
 Dispel Undead            Necr           7%         3d8       67%         4
 Death Channel            Necr           3%         N/A       100%        6


Dungeon Overview and Level Annotations

Branches:
Dungeon (10/15)            Temple (1/1) D:5            Lair (1/5) D:8
    Orc (0/2) D:10

Altars:
Ashenzari
Cheibriados
Dithmenos
Elyvilon
Fedhas
Gozag
Hepliaklqana
Kikubaaqudgha
Makhleb
Nemelex Xobeh
Okawaru
Qazlal
Ru
Sif Muna
Trog
Uskayaw
Vehumet
Wu Jian
Xom
Yredelemnul
Zin
The Shining One

Shops:
D:4 *   D:8 :   D:9 (

Annotations:
Lair:1 Erica, Gastronok


Innate Abilities, Weirdness & Mutations

((You are very nimble when in or above water. (Stealth+, EV+, Speed+++)))
Your lower body shifts to a powerful aquatic tail in water.


Message History

The wall freezes Gastronok!!
Gastronok bites you but does no damage.
Unknown command.
Casting: Freeze (safe; 1% risk of failure)
Confirm with . or Enter, or press ? or * to list all spells.
Aiming: Freeze (safe; 1% risk of failure)
Press: ? - help, Shift-Dir - straight line, f/p - Gastronok
Aim: Gastronok, wearing a +0 hat (severely wounded)
You freeze Gastronok!
Gastronok is severely wounded.
The wall freezes the komodo dragon!
The komodo dragon bites you.
Unknown command.
Casting: Freeze (safe; 1% risk of failure)
Confirm with . or Enter, or press ? or * to list all spells.
Aiming: Freeze (safe; 1% risk of failure)
Press: ? - help, Shift-Dir - straight line, f/p - Gastronok
Aim: Gastronok, wearing a +0 hat (severely wounded)
You freeze Gastronok.
Gastronok is severely wounded.
The wall freezes Gastronok!
Gastronok barely misses you.
The wall freezes the komodo dragon but does no damage.
The komodo dragon bites you!
Casting: Freeze (safe; 1% risk of failure)
Confirm with . or Enter, or press ? or * to list all spells.
Aiming: Freeze (safe; 1% risk of failure)
Press: ? - help, Shift-Dir - straight line, f/p - Gastronok
Aim: Gastronok, wearing a +0 hat (severely wounded)
You freeze Gastronok.
Gastronok is almost dead.
Unknown command.
Casting: Freeze (safe; 1% risk of failure)
Confirm with . or Enter, or press ? or * to list all spells.
Aiming: Freeze (safe; 1% risk of failure)
Press: ? - help, Shift-Dir - straight line, f/p - Gastronok
Aim: Gastronok, wearing a +0 hat (almost dead)
You freeze Gastronok!
Gastronok is almost dead.
The frozen ramparts melt away.
The komodo dragon bites you!!
* * * LOW HITPOINT WARNING * * *
Gastronok bites you!!
You die...

..... ..... ......
#..... #.....###
........###
......wl..##
....##@...# . ####.#
##.# ##..###
###.....#####
#..^......##.#
#.............#
#........####.### ###
##........###...###.#


You could see Gastronok and a komodo dragon (slow).

Vanquished Creatures
  2 two-headed ogres (D:9)
  A rime drake (Lair:1)
  2 komodo dragons (Lair:1)
  2 trolls
  Grinder (D:5)
  Sigmund (D:2)
  A wyvern (D:7)
  Eustachio (D:5)
  A vampire (D:10)
  21 yaks
  A steam dragon (D:9)
  Grum (D:10)
  2 wargs (D:8)
  2 acid dragons (D:9)
  A water moccasin (Lair:1)
  A black bear (D:6)
  An ice beast (D:8)
  8 orc warriors
  3 wolves (D:10)
  An ogre (D:7)
  4 centaurs
  2 phantoms
  6 bullfrogs
  2 scorpions (D:5)
  A gnoll sergeant (D:10)
  6 wights
  9 killer bees
  An electric eel (Lair:1)
  2 howler monkeys (D:7)
  5 hounds
  10 orc priests
  2 jellies
  3 iguanas
  10 orc wizards
  3 sleepcaps
  5 gnolls (D:10)
  9 adders
  A shadow imp (D:6)
  3 white imps
  2 ufetubi
  3 worms
  A dart slug (D:2)
  35 orcs
  7 ball pythons
  9 endoplasms
  3 giant cockroaches
  5 hobgoblins
  2 jackals (D:3)
  2 bats (D:2)
  2 frilled lizards
  10 goblins
  6 kobolds
  4 rats
229 creatures vanquished.

Notes
Turn   | Place    | Note
-------+----------+-------------------------------------------
     0 | D:1      | safid the Merfolk Ice Elementalist began the quest for the
                  | Orb.
     0 | D:1      | Reached XP level 1. HP: 13/13 MP: 3/3
   327 | D:1      | Reached XP level 2. HP: 20/20 MP: 1/5
   387 | D:1      | Reached skill level 1 in Fighting
   810 | D:2      | Noticed Sigmund
   936 | D:1      | Reached XP level 3. HP: 7/26 MP: 0/6
  1076 | D:2      | Learned a level 3 spell: Frozen Ramparts
  1129 | D:2      | Identified the +3 dagger of Dim Light {elec, rElec rCorr
                  | Dex+3 Stlth-}
  1241 | D:1      | Learned a level 3 spell: Ozocubu's Armour
  1280 | D:2      | Killed Sigmund
  1281 | D:2      | Reached skill level 5 in Ice Magic
  1281 | D:2      | Reached XP level 4. HP: 7/35 MP: 1/9
  1281 | D:2      | Reached XP level 5. HP: 8/41 MP: 1/10
  1894 | D:3      | Reached XP level 6. HP: 47/47 MP: 11/11
  2241 | D:3      | Found a faded altar of an unknown god.
  2428 | D:3      | Found a white marble altar of Elyvilon.
  2522 | D:3      | Found a stormy altar of Qazlal.
  2525 | D:3      | Found a snail-covered altar of Cheibriados.
  2783 | D:4      | Reached skill level 6 in Ice Magic
  2992 | D:4      | Found Lecve's General Store.
  3001 | D:4      | Bought a potion of curing for 33 gold pieces
  3001 | D:4      | Bought a scroll of identify for 22 gold pieces
  3240 | D:4      | Reached XP level 7. HP: 54/54 MP: 6/13
  3702 | D:5      | Entered Level 5 of the Dungeon
  3720 | D:5      | Noticed Grinder
  3741 | D:5      | Killed Grinder
  3912 | D:5      | Noticed Eustachio
  3924 | D:5      | Killed Eustachio
  3925 | D:5      | Reached skill level 5 in Fighting
  3925 | D:5      | Reached skill level 7 in Ice Magic
  3925 | D:5      | Reached XP level 8. HP: 62/62 MP: 4/15
  4092 | D:5      | Reached skill level 5 in Spellcasting
  4705 | D:5      | Found a staircase to the Ecumenical Temple.
  4714 | Temple   | Entered the Ecumenical Temple
  4938 | Temple   | Became a worshipper of Vehumet
  5048 | D:5      | Found a glowing golden altar of the Shining One.
  5473 | D:6      | Reached skill level 8 in Ice Magic
  5574 | D:6      | Found a shimmering altar of Xom.
  5732 | D:6      | Found a sparkling altar of Nemelex Xobeh.
  5792 | D:6      | Reached XP level 9. HP: 70/71 MP: 11/18
  6166 | D:6      | Found a burning altar of Makhleb.
  6205 | D:6      | Found a blossoming altar of Fedhas.
  6206 | D:6      | Found a sacrificial altar of Ru.
  6543 | D:7      | Reached * piety under Vehumet
  6543 | D:7      | Offered knowledge of Magic Dart by Vehumet.
  6604 | D:7      | Found an ornate altar of the Wu Jian Council.
  7441 | D:8      | Reached skill level 9 in Ice Magic
  7883 | D:8      | Reached XP level 10. HP: 69/82 MP: 14/21
  7921 | D:8      | Found a staircase to the Lair.
  8246 | D:8      | Found Xaol's Vocational Training.
  9029 | D:9      | Found Rorghoygiff's Weapon Shop.
  9084 | D:9      | Reached skill level 10 in Ice Magic
  9102 | D:9      | Offered knowledge of Poisonous Vapours by Vehumet.
  9184 | D:9      | Reached ** piety under Vehumet
  9575 | D:9      | Noticed a two-headed ogre
  9587 | D:9      | Killed a two-headed ogre
 10045 | D:9      | Reached skill level 11 in Ice Magic
 10051 | D:9      | Reached skill level 10 in Fighting
 10107 | D:9      | Noticed a two-headed ogre
 10114 | D:9      | Killed a two-headed ogre
 10336 | D:10     | Entered Level 10 of the Dungeon
 10464 | D:10     | Reached XP level 11. HP: 92/92 MP: 16/23
 10556 | D:10     | Noticed Grum
 10575 | D:10     | Killed Grum
 10646 | D:10     | Reached skill level 12 in Ice Magic
 10716 | D:10     | Offered knowledge of Mephitic Cloud by Vehumet.
 10797 | D:10     | Reached *** piety under Vehumet
 11583 | D:10     | Found a staircase to the Orcish Mines.
 11723 | D:10     | Found a glowing silver altar of Zin.
 11784 | Lair:1   | Entered Level 1 of the Lair of Beasts
 11844 | Lair:1   | Offered knowledge of Inner Flame by Vehumet.
 11924 | Lair:1   | Reached skill level 13 in Ice Magic
 12122 | Lair:1   | Noticed Erica
 12344 | Lair:1   | Noticed Gastronok
 12359 | Lair:1   | Mangled by Gastronok

Illustrated notes

Levels and vault maps discovered:
D:1:      lemuel_arrival_funnel, layout_rooms, serial_aquarium,
          aquarium_bridge_long_joined [aquarium_subvault_bridge,
          aquarium_subvault_wall, aquarium_subvault_balcony,
          aquarium_subvault_bridge, aquarium_subvault_window,
          aquarium_subvault_wall], aquarium_window_2, aquarium_window_fake,
          aquarium_view_2d
D:2:      layout_rooms, grunt_ministairs_4, minmay_tripent, uniq_sigmund
D:3:      layout_rooms, elyvilon_altar_1, minitemple,
          dreamdust_ecumenical_altar_grove, st_stairs_14
D:4:      layout_basic, serial_shops, nicolae_shop_getting_attention,
          minmay_tree_intersection
D:5:      layout_basic, nicolae_tso_swordbearing_angel,
          lemuel_temple_firewalk_b, minmay_misc_feat_square, uniq_eustachio,
          uniq_grinder
D:6:      layout_gridville, nemelex_spade_bored_becter,
          makhleb_blood_cavern_becter, nicolae_overflow_hidden_temple,
          nicolae_overflow_two_pavilions, chequers_avenue, minmay_manual_mares
D:7:      layout_rooms, mainiacjoe_overflow_small_starburst, grunt_ogre_cave
D:8:      layout_layer_cave, erik_lair_orcish_takeover, nicolae_shop_vocational
D:9:      layout_cave_pods, serial_shops, shop_fountains, minmay_statues_item,
          minivault_21
D:10:     layout_cross, zin_statuary, erik_orc_2, glass_columns_a, minivault_27,
          uniq_grum
Temple:   minmay_temple_curvy_loop
Lair:1:   layout_cave_shapes, special_room [special_room_bee],
          infiniplex_staircase_pool, uniq_erica, uniq_gastronok, uniq_amaemon

Skill      XL: |  1  2  3  4  5  6  7  8  9 10 11 |
---------------+----------------------------------+-----
Fighting       | 1 3 4 5 6 8 10 12 | 12.3
Spellcasting   | 3 4 6 7 8 |  8.0
Ice Magic      | 5 6 7 8 9 11 13 | 13.2
Dodging        | 3 4 |  4.0
Stealth        | 3 |  3.0

Action                     |  1- 3 |  4- 6 |  7- 9 | 10-12 || total
---------------------------+-------+-------+-------+-------++-------
  Melee: Unarmed           |    10 |       |       |       ||    10
         Short sword       |    29 |       |       |       ||    29
         Dagger            |    16 |    80 |   156 |   184 ||   436
         Punch             |       |       |     1 |       ||     1
         Tailslap          |       |       |       |     3 ||     3
   Cast: Freeze            |    33 |    10 |    15 |    27 ||    85
         Frozen Ramparts   |     3 |    12 |    32 |    39 ||    86
         Ozocubu's Armour  |     1 |     3 |    26 |    26 ||    56
    Use: Potion            |     1 |       |       |     1 ||     2
         Scroll            |       |       |     3 |     5 ||     8
   Stab: Sleeping          |     1 |     4 |       |       ||     5
         Distracted        |       |     1 |       |       ||     1
 Armour: Robe              |    20 |    29 |    65 |    49 ||   163
  Dodge: Dodged            |    39 |    68 |   105 |   191 ||   403
